 Dungeon Crawl Stone Soup version 0.29.1-15-g9cfb28693d (webtiles) character file.

Game seed: 10582457043212951080

4 McKennaii the Caller (level 1, -2/14 HPs)
             Began as a Demigod Summoner on Feb 23, 2023.
             Succumbed to a kobold's poison
             ... on level 1 of the Dungeon.
             The game lasted 00:00:16 (184 turns).

McKennaii the Caller (Demigod Summoner)              Turns: 184, Time: 00:00:16

Health: -2/14      AC:  2    Str:  9    XL:     1   Next: 40%
Magic:  3/5        EV: 12    Int: 17    God:
Gold:   0          SH:  0    Dex: 14    Spells: 2/3 levels left

rFire   . . .      SeeInvis .   (no weapon)
rCold   . . .      Faith    .   (no shield)
rNeg    . . .      Spirit   .   a - +0 robe
rPois   .          Reflect  .   (no helmet)
rElec   .          Harm     .   (no cloak)
rCorr   .          Rampage  .   (no gloves)
Will    .....                   (no boots)
Stlth   ++........              (no amulet)
HPRegen 0.04/turn               (no ring)
MPRegen 0.09/turn               (no ring)

@: lethally poisoned (-2 -> -21)
A: high MP 1, forlorn, divine attributes
a: no special abilities


You were on level 1 of the Dungeon.
You visited 1 branch of the dungeon, and saw 1 of its levels.

Inventory:

Armour
 a - a +0 robe (worn)
Scrolls
 c - a scroll of identify {unknown}
Potions
 b - a potion of magic


   Skills:
 - Level 1.7 Dodging
 - Level 1.7 Stealth
 + Level 1.9 Spellcasting
 + Level 3.7 Summonings


You had 2 spell levels left.
You knew the following spells:

 Your Spells              Type           Power      Damage    Failure   Level
a - Summon Small Mammal   Summ           56%        N/A       4%          1

Your spell library contained the following spells:

 Spells                   Type           Power      Damage    Failure   Level
 Call Imp                 Summ           14%        N/A       6%          2
 Call Canine Familiar     Summ           14%        N/A       13%         3
 Summon Guardian Golem    Hex/Summ       8%         N/A       26%         3
 Summon Lightning Spire   Summ/Air       8%         N/A       65%         4


Dungeon Overview and Level Annotations

Branches:
Dungeon (1/15)


Innate Abilities, Weirdness & Mutations

You have an increased reservoir of magic. (+10% MP)
You shall have no god before yourself.
Your divine heritage dramatically boosts your attributes as you level up.


Message History

The quokka bites your bat.
Your bat dies!
Your bat's corpse disappears in a puff of smoke!
The rat barely misses your rat.
Your rat closely misses the quokka.
The rat barely misses your rat.
You are too injured to fight recklessly!
Unknown command.
Casting: Summon Small Mammal (safe; 4% risk of failure)
Confirm with . or Enter, or press ? or * to list all spells.
The quokka misses you.
Your rat bites the quokka.
The quokka dies!
The rat bites your rat.
Your rat misses the rat. The rat barely misses your rat.
Your rat barely misses the rat.
You enter the shallow water.
Moving in this stuff is going to be slow.
Your rat bites the rat.
Your rat bites the rat.
The rat dies!
Magic restored.
Your quokka disappears in a puff of smoke!
Your rat disappears in a puff of smoke!
A kobold comes into view. It is wielding a +1 dagger of venom.
A kobold is nearby!
Your bat closely misses the kobold.
The kobold throws a stone.
The stone closely misses your quokka. The stone misses you.
You swap places.
Your bat hits the kobold but does no damage.
The kobold hits you with a +1 dagger of venom.
You are lethally poisoned!
You hit the kobold.
The kobold is moderately wounded.
You feel very sick.
Your bat misses the kobold.
The kobold hits you with a +1 dagger of venom.
* * * LOW HITPOINT WARNING * * *
You are more poisoned.
Your quokka bites the kobold.
The kobold dies!
You swap places.
You die...

... ... ###.####...
##############........#
≈≈≈≈≈~.~##.............
~≈~≈~......~...##....####
~.≈......~~~~...#..#....#
.~(..~~≈≈~..~~~....#...[#
....~~.~≈≈≈..~...b##....###
....~~~~≈≈≈≈~...@.)#......
....~≈≈<~~~..~.~.r......#
......≈~.~.~≈..††##.....#
~.~....~.~~~≈~....#...#.#
≈~~~.....~≈~......#.....#
≈≈≈≈≈≈~.......##.....##.#
###################### ##


You could see a friendly quokka (summoned) and a friendly bat (summoned).

Vanquished Creatures (collateral kills)
  A hobgoblin (D:1)
  A quokka (D:1)
  A kobold (D:1)
  A rat (D:1)
4 creatures vanquished.

Notes
Turn   | Place    | Note
-------+----------+-------------------------------------------
     0 | D:1      | McKennaii the Demigod Summoner began the quest for the Orb.
     0 | D:1      | Reached XP level 1. HP: 14/14 MP: 5/5
   184 | D:1      | Succumbed to a kobold's poison

Illustrated notes

Levels and vault maps discovered:
D:1:      dpeg_arrival_more_subterranean_lakeside_camping, layout_basic,
          shapermc_ecumenical_altar_ellora

Action                   || total
-------------------------++-------
Melee: Unarmed           ||    18
 Cast: Summon Small Mamm ||     6
Armor: Robe              ||     2
Dodge: Dodged            ||    15
